Cogmind - Beta 15 @@@ ROGUE MODE // 2025.09.18 @ 21:38:28 Player: beans Result: Destroyed by G-50 Soldier with Heavy Laser Performance ------------- Evolutions (2) 1000 Regions Visited (5) 1000 Robots Destroyed (29) 145 Value Destroyed (910) 910 Prototype IDs (23) 460 Alien Tech Used (0) 0 Bonus (349) 349 TOTAL SCORE: 3864 Bonus ------- High Alert Combat Kills 106 Aligned with FarCom 300 Friendly Fire -57 Cogmind --------- Core Integrity 0/550 Matter 221/300 Energy 82/100 System Corruption 0% Temperature Cool (18) Movement Core (50) Location -8/Materials Parts ------- > --- POWER (2) -------- (None) > --- PROPULSION (4) --- (None) > --- UTILITY (3) ------ Component Analysis Suite > --- WEAPON (2) ------- (None) > --- INVENTORY (5) ---- Hardened Heavy Armor Plating YOLO Cannon Peak State ------------ > --- POWER ------------ (None) > --- PROPULSION ------- (None) > --- UTILITY ---------- Hardened Heavy Armor Plating Component Analysis Suite > --- WEAPON ----------- YOLO Cannon > --- INVENTORY -------- (None) [Rating: 32] Favorites ----------- Power Improved Deuterium Engine Engine Improved Deuterium Engine Power Core Light Nuclear Core Propulsion Flight Unit Flight Unit Flight Unit Utility Light Armor Plating Device Component Analysis Suite Protection Light Armor Plating Weapon Light Cannon Energy Cannon YOLO Cannon Ballistic Gun Light Assault Rifle Ballistic Cannon Light Cannon Special Weapon Remote Datajack Build | -11 -10 -10 -10 -9 -8 ------- Run | Yrd Mat Min Exi Min Mat Slots Evolved 4 | . . . . . 4 Power 1 | . . . . . 1 Propulsion 2 | . . . . . 2 Utility 1 | . . . . . 1 Weapon . | . . . . . . Parts Attached 11 | 2 2 . 1 . 6 Power 2 | . . . . . 2 Engine 1 | . . . . . 1 Core 1 | . . . . . 1 Reactor . | . . . . . . Propulsion 1 | . . . . . 1 Treads . | . . . . . . Leg . | . . . . . . Wheel . | . . . . . . Hover . | . . . . . . Flight 1 | . . . . . 1 Utility 3 | . 1 . . . 2 Device 1 | . . . . . 1 Storage . | . . . . . . Processor . | . . . . . . Hackware . | . . . . . . Protection 2 | . 1 . . . 1 Artifact . | . . . . . . Weapon 5 | 2 1 . 1 . 1 Energy Gun . | . . . . . . Energy Cannon 1 | . . . 1 . . Ballistic Gun 2 | 2 . . . . . Ballistic Cannon 1 | . 1 . . . . Launcher . | . . . . . . Special Weapon 1 | . . . . . 1 Impact Weapon . | . . . . . . Slashing Weapon . | . . . . . . Piercing Weapon . | . . . . . . Special Melee Weapon . | . . . . . . Unidentified Prototypes . | . . . . . . Parts Lost 4 | . . . . . 4 Power 2 | . . . . . 2 Propulsion 1 | . . . . . 1 Utility 1 | . . . . . 1 Weapon . | . . . . . . Highest Loss Streak 2 | . . . . . 2 To Critical Strikes . | . . . . . . Average Backups . | 1 . . . 1 . Power . | . . . . . . Propulsion . | . . . . . . Utility . | . . . . . . Weapon . | 1 . . . 1 . Tool/Special . | . . . . . . Unused Backups . | . . . . . . Power . | . . . . . . Propulsion . | . . . . . . Utility . | . . . . . . Weapon . | . . . . . . Tool/Special . | . . . . . . Average Slot Usage (%) 27 | . 25 28 28 28 27 Engine 2 | . . . . . 6 Device 3 | . . . . . 8 Protection 9 | . 9 14 14 14 4 Energy Cannon 2 | . . . 1 . 3 Ballistic Cannon 7 | . 11 14 12 14 . Peak Build Rating 32 | 2 2 2 21 4 32 Average Rating 9 | . 1 2 5 4 17 On Entrance 2 | . 2 2 2 4 4 Naked Turns . | . . . . . . Heaviest Build 32 | 3 6 6 21 6 32 Greatest Support 4 | 3 3 3 3 3 4 Greatest Overweight (x) 10 | . 1 1 6 1 10 Average Overweight (x) 1 | . . 1 1 1 2 Largest Inventory Capacity 5 | 5 5 5 5 5 5 Average Capacity 5 | 5 5 5 5 5 5 Most Carried 4 | 2 1 . 3 2 4 Average Carried 1 | . . . 1 2 1 Final Capacity 5 | 5 5 5 5 5 5 Final Carried 4 | . . . 2 2 4 Class Distribution -------------------- 100% | Mutant Dominant Class ---------------- Mutant | -10/Materials Mutant | -10/Mines Mutant | -10/Exiles Mutant | -9/Mines Mutant | -8/Materials Resources | -11 -10 -10 -10 -9 -8 ----------- Run | Yrd Mat Min Exi Min Mat Matter Collected 307 | 201 83 . . . 23 Remotely . | . . . . . . Salvage Created 785 | . 79 . . . 706 Parts 47 | . 6 . . . 41 Haulers Intercepted 1 | . 1 . . . . Recyclers Shooed 5 | . 2 . . . 3 Parts Field Recycled . | . . . . . . Retrieved Matter . | . . . . . . Parts Self-Destructed . | . . . . . . Prevented . | . . . . . . Kills | -11 -10 -10 -10 -9 -8 ------- Run | Yrd Mat Min Exi Min Mat Combat Hostiles Destroyed 20 | . . . . . 20 Cannons 9 | . . . . . 9 AOE 8 | . . . . . 8 Classes Destroyed 11 | . 3 . . . 8 Worker 3 | . 1 . . . 2 Builder 3 | . . . . . 3 Hauler 1 | . 1 . . . . Recycler 1 | . . . . . 1 Watcher 1 | . 1 . . . . Swarmer 4 | . . . . . 4 Grunt 12 | . . . . . 12 Brawler 1 | . . . . . 1 Protector 1 | . . . . . 1 Sentry 1 | . . . . . 1 Hunter 1 | . . . . . 1 Best Kill Streak 13 | . 2 . . . 13 Combat Bots Only 6 | . . . . . 6 Max Kills in Single Turn 4 | . 1 . . . 4 Gunslinging . | . . . . . . Exploded 3 | . . . . . 3 Melee . | . . . . . . Uniques/NPCs Destroyed . | . . . . . . Combat | -11 -10 -10 -10 -9 -8 -------- Run | Yrd Mat Min Exi Min Mat Hostile Shots Fired 106 | . . . . . 106 Missed 40 | . . . . . 40 Hits 66 | . . . . . 66 Projectile 66 | . . . . . 66 Damage Taken 1023 | . . . . . 1023 Core 564 | . . . . . 564 Absorbed by Shields . | . . . . . . Core Remaining (%) 100 | 100 . . . 100 . Volleys Fired 34 | . 12 . . 2 20 Largest 1 | . 1 . . 1 1 Hottest 100 | . 30 . . 30 100 Shots Fired 34 | . 12 . . 2 20 Gun . | . . . . . . Cannon 33 | . 12 . . 2 19 Launcher . | . . . . . . Special 1 | . . . . . 1 Kinetic 14 | . 12 . . 2 . Thermal 19 | . . . . . 19 Explosive . | . . . . . . Electromagnetic . | . . . . . . Robot Hit Streak 4 | . 4 . . . 4 Robot Miss Streak 3 | . 1 . . 2 3 Penetration Max . | . . . . . . Secondary Targets . | . . . . . . Shots Hit Robots 20 | . 9 . . . 11 Core Hits 20 | . 3 . . . 17 Critical Kills 4 | . . . . . 4 Critical Parts Destroyed . | . . . . . . Critical Strikes 4 | . . . . . 4 Meltdown 4 | . . . . . 4 Melee Attacks . | . . . . . . Impact . | . . . . . . Slashing . | . . . . . . Piercing . | . . . . . . Sneak Attacks . | . . . . . . Combat Hostiles . | . . . . . . Follow-up Attacks . | . . . . . . Damage Inflicted 3602 | . 162 . . . 3440 Guns . | . . . . . . Cannons 1715 | . 162 . . . 1553 Explosions 1871 | . . . . . 1871 Melee . | . . . . . . Ramming 16 | . . . . . 16 Kinetic 162 | . 162 . . . . Thermal 3424 | . . . . . 3424 Explosive . | . . . . . . Electromagnetic . | . . . . . . Impact . | . . . . . . Slashing . | . . . . . . Piercing . | . . . . . . Highest Corruption . | . . . . . . Average Corruption . | . . . . . . Corruption Purged . | . . . . . . Corruption Blocked . | . . . . . . Overload Shots . | . . . . . . Overflow Damage 710 | . . . . . 710 Projectiles 503 | . . . . . 503 Explosions 207 | . . . . . 207 Melee . | . . . . . . Knockbacks 3 | . 3 . . . . Impact . | . . . . . . Kinetic 3 | . 3 . . . . Secondary . | . . . . . . Self-Inflicted Damage 50 | . . . . . 50 Shots 1 | . . . . . 1 Rammed 5 | . . . . . 5 Targets Rammed 5 | . . . . . 5 Kicked . | . . . . . . Crushed . | . . . . . . Highest Temperature 90 | . 5 . . . 90 Average Temperature 21 | . 5 . . . 22 Received Heat Transfer 468 | . . . . . 468 Siege Activations . | . . . . . . Martial Activations . | . . . . . . Shielding Activations . | . . . . . . Robots Disrupted . | . . . . . . Combat Hostiles . | . . . . . . Robots Corrupted . | . . . . . . Combat Hostiles . | . . . . . . Parts Fried . | . . . . . . Impact Corruptions . | . . . . . . Robots Melted 4 | . . . . . 4 Combat Hostiles 3 | . . . . . 3 Parts Melted 7 | . . . . . 7 Heat Transferred 3161 | . . . . . 3161 Parts Sabotaged . | . . . . . . Parts Stolen . | . . . . . . Parts Stripped . | . . . . . . Power Chain Reactions . | . . . . . . Alert | -11 -10 -10 -10 -9 -8 ------- Run | Yrd Mat Min Exi Min Mat Maximum Alert Level 2 | . . . . . 2 Low Security (%) 73 | 100 100 100 . 100 60 Level 1 1 | . . . . . 1 Level 2 25 | . . . . . 37 Level 3 . | . . . . . . Level 4 . | . . . . . . Level 5 . | . . . . . . High Security . | . . . . . . Max Security . | . . . . . . Peak Influence 656 | . 12 . . . 656 Initial . | . . . . . . Average 142 | . 1 . . . 210 Influence Increases 860 | . 19 . . . 841 Destroy 0b10 Robot/C 380 | . . . . . 380 Destroy 0b10 Robot/NC 50 | . 15 . . . 35 Destroy Leader 84 | . 4 . . . 80 Anti-Garrison Action 150 | . . . . . 150 Destroy Structure 106 | . . . . . 106 Partial Spotted 15 | . . . . . 15 Lose Combat Pursuer 75 | . . . . . 75 Influence Decreases 215 | . 19 . . . 196 Time Decay 175 | . 19 . . . 156 Lost Part 40 | . . . . . 40 Squads Dispatched 8 | . . . . . 8 Investigation . | . . . . . . Extermination . | . . . . . . Reinforcement 4 | . . . . . 4 Assault 3 | . . . . . 3 Garrison 1 | . . . . . 1 Intercept . | . . . . . . Searches Triggered . | . . . . . . Construction Impeded 1 | . . . . . 1 Haulers Reinforced . | . . . . . . Active Scanning Responses . | . . . . . . Cargo Convoy Interrupts . | . . . . . . Stealth | -11 -10 -10 -10 -9 -8 --------- Run | Yrd Mat Min Exi Min Mat Distress Signals 2 | . . . . . 2 Communications Jammed . | . . . . . . Distress Signals . | . . . . . . Times Spotted 40 | . 2 . . . 38 Peak Tracking Total 14 | . 2 . . . 14 Tactical Retreats 3 | . . . . . 3 Traps | -11 -10 -10 -10 -9 -8 ------- Run | Yrd Mat Min Exi Min Mat Traps Triggered . | . . . . . . Indirectly . | . . . . . . Trap Hack Attempts . | . . . . . . Triggered . | . . . . . . Disarmed . | . . . . . . Reprogrammed . | . . . . . . Reused . | . . . . . . Traps Extracted . | . . . . . . Installed . | . . . . . . Triggered . | . . . . . . Machines | -11 -10 -10 -10 -9 -8 ---------- Run | Yrd Mat Min Exi Min Mat Machines Disabled 1 | . . . . . 1 Max in Single Turn 1 | . . . . . 1 Garrison Access 1 | . . . . . 1 Machines Repaired . | . . . . . . Machines Dismantled . | . . . . . . Machines Sabotaged . | . . . . . . Overloaded Fab Kills . | . . . . . . Hacking | -11 -10 -10 -10 -9 -8 --------- Run | Yrd Mat Min Exi Min Mat Machines Accessed 2 | . . . 2 . . Terminals . | . . . . . . Fabricators . | . . . . . . Repair Stations . | . . . . . . Recycling Units . | . . . . . . Scanalyzers . | . . . . . . Garrison Access . | . . . . . . Total Hacks 24 | . . . 24 . . Successful 24 | . . . 24 . . Failed . | . . . . . . Catastrophic . | . . . . . . Database Lockouts . | . . . . . . Manual 1 | . . . 1 . . Terminals . | . . . . . . Fabricators . | . . . . . . Repair Stations . | . . . . . . Recycling Units . | . . . . . . Scanalyzers . | . . . . . . Garrison Access . | . . . . . . Terminal Hacks 24 | . . . 24 . . Record 23 | . . . 23 . . Proto ID Catalog 1 | . . . 1 . . Fabricator Hacks . | . . . . . . Repair Station Hacks . | . . . . . . Recycling Unit Hacks . | . . . . . . Scanalyzer . | . . . . . . Garrison Access Hacks . | . . . . . . Unauthorized Hacks . | . . . . . . Terminals . | . . . . . . Fabricators . | . . . . . . Repair Stations . | . . . . . . Recycling Units . | . . . . . . Scanalyzers . | . . . . . . Garrison Access . | . . . . . . Data Cores Recovered . | . . . . . . Used . | . . . . . . Hacking Detections . | . . . . . . Full Trace Events . | . . . . . . Feedback Events . | . . . . . . Feedback Blocked . | . . . . . . Robot Schematics Acquired . | . . . . . . Robots Built . | . . . . . . Authchips . | . . . . . . Time . | . . . . . . Total Robot Build Rating . | . . . . . . Part Schematics Acquired . | . . . . . . Parts Built . | . . . . . . Authchips . | . . . . . . Time . | . . . . . . Total Part Build Rating . | . . . . . . Parts Repaired . | . . . . . . Time . | . . . . . . Parts Recycled . | . . . . . . Recycled Matter . | . . . . . . Retrieved Matter . | . . . . . . Retrieved Components . | . . . . . . Parts Scanalyzed . | . . . . . . Part Schematics Acquired . | . . . . . . Parts Damaged . | . . . . . . Bothacking | -11 -10 -10 -10 -9 -8 ------------ Run | Yrd Mat Min Exi Min Mat Used RIF Installer . | . . . . . . Robots Hacked 1 | . . . . . 1 Non-combat 1 | . . . . . 1 Combat . | . . . . . . Robot Hacks Applied 1 | . . . . . 1 find_recycling 1 | . . . . . 1 Relay Couplers Released 1 | . . . . . 1 Machine Destruction 1 | . . . . . 1 Fabnet Peak Effective % . | . . . . . . Robots Rewired . | . . . . . . Allies Hacked . | . . . . . . Hacks Repelled . | . . . . . . Allies | -11 -10 -10 -10 -9 -8 -------- Run | Yrd Mat Min Exi Min Mat Total Allies . | . . . . . . Largest Group . | . . . . . . Highest-Rated Group . | . . . . . . Highest-Rated Ally . | . . . . . . Total Orders . | . . . . . . Ally Attacks . | . . . . . . Total Damage . | . . . . . . Kills . | . . . . . . Allies Corrupted . | . . . . . . Allies Melted . | . . . . . . Intel | -11 -10 -10 -10 -9 -8 ------- Run | Yrd Mat Min Exi Min Mat Active Infowar (turns) . | . . . . . . Robot Analysis Total . | . . . . . . Derelict Logs Recovered 1 | . . 1 . . . Drone Launches . | . . . . . . Drone Recoveries . | . . . . . . Exploration | -11 -10 -10 -10 -9 -8 ------------- Run | Yrd Mat Min Exi Min Mat Turns Passed 1086 | 20 114 38 393 54 467 Spaces Moved 757 | 32 102 29 353 51 190 Core 749 | 32 102 29 353 51 182 Treads . | . . . . . . Legs . | . . . . . . Wheels . | . . . . . . Hover . | . . . . . . Flight 8 | . . . . . 8 Fastest Speed 50 | 50 50 100 100 100 50 Average Speed 116 | 50 78 100 109 100 166 Slowest Speed 600 | 50 100 100 350 100 600 Overloaded Moves . | . . . . . . Propulsion Burnouts . | . . . . . . Robots Hopped . | . . . . . . Potential Cave-ins 1 | . . . . . 1 Cave-ins Triggered . | . . . . . . Exploration Rate (%) 27 | 4 30 11 73 22 26 Regions Visited 5 Branch Regions 3 Pre-discovered Areas 1 | . . . 1 . . Known Exits Taken . | . . . . . . Unknown Exits Taken 5 | 1 1 1 1 1 . Scrap Searched . | . . . . . . Spaces Dug 13 | . . . . . 13 Terrain Destroyed 171 | . . . . . 171 Melee . | . . . . . . Projectile 6 | . . . . . 6 AOE 165 | . . . . . 165 Terrain Rammed . | . . . . . . Walls Destroyed . | . . . . . . Machines Disabled . | . . . . . . Actions | -11 -10 -10 -10 -9 -8 --------- Run | Yrd Mat Min Exi Min Mat Total 895 | 35 125 38 358 52 287 Wait 65 | . 6 10 . . 49 Move 752 | 31 101 28 352 50 190 Hop . | . . . . . . Pick Up 12 | 2 2 . 2 . 6 Fast Attach . | . . . . . . Attach 16 | 2 2 . 2 . 10 Detach 6 | . . . 1 . 5 Swap . | . . . . . . Drop 5 | . 2 . 1 . 2 Fire 34 | . 12 . . 2 20 Melee . | . . . . . . Ram 5 | . . . . . 5 Kick . | . . . . . . Crush . | . . . . . . Escape Stasis . | . . . . . . Rewire . | . . . . . . Trap . | . . . . . . Miscellaneous . | . . . . . . Route ------- -11/Scrapyard -10/Materials (discovered 2 exits: [*Min x2]) -10/Mines -10/Exiles -9/Mines -8/Materials (discovered 1 exit: Fac) History --------- Turn | Location | Event 4 | -11/Scrapyard | Discovered new exit (range 14) 21 | -11/Scrapyard | Entered Materials 109 | -10/Materials | Discovered new exit (range 14) 113 | -10/Materials | Discovered new exit (range 15) 115 | -10/Materials | Met 8R-AWN 135 | -10/Materials | Entered Mines 136 | -10/Mines | Followed 8R-AWN into the Mines 138 | -10/Mines | Learned location of 1 exit from Materials 165 | -10/Mines | Discovered new exit (range 5) 173 | -10/Mines | Entered Exiles 200 | -10/Exiles | Welcomed by 8R-AWN 214 | -10/Exiles | Met EX-HEX 244 | -10/Exiles | Met EX-BIN 258 | -10/Exiles | Aligned with FarCom system 259 | -10/Exiles | Given EX-Vault access code 283 | -10/Exiles | Opened EX-Vault 289 | -10/Exiles | Found YOLO Cannon 312 | -10/Exiles | Build established: Mutant 364 | -10/Exiles | Warned to stay clear of 0b10 Research branches 393 | -10/Exiles | Met EX-DEC 400 | -10/Exiles | Learned location of Zion (-6) 487 | -10/Exiles | Visited The Gauntlet 551 | -10/Exiles | Discovered new exit (range 15) 566 | -10/Exiles | Left Exiles lab with YOLO Cannon 566 | -10/Exiles | Entered Mines 568 | -9/Mines | Met a Derelict bent on vengeance 611 | -9/Mines | Discovered new exit (range 9) 620 | -9/Mines | Entered Materials 620 | -8/Materials | Evolved 4 slots: Power x1, Propulsion x2, Utility x1 621 | -8/Materials | Identified exit to Factory 872 | -8/Materials | Garrison activated, responded to threat 1019 | -8/Materials | Core integrity fell below 50% 1020 | -8/Materials | First assault squad dispatched 1063 | -8/Materials | Core integrity fell below 20% 1087 | -8/Materials | Destroyed by G-50 Soldier with Heavy Laser Last Messages --------------- reinforcements to Terminal M004. Destroyed Lgt. Armor Plating. Y-45 Defender suffers critical hit (Meltdown). Beam Rifle melted. Heat Sink melted. G-47 Trooper destroyed. Destroyed Aluminum Leg. K-01 Serf collects debris. G-47 Trooper destroyed. G-50 Soldier destroyed. Destroyed Lgt. Ion Engine. K-01 Serf destroyed. C-30 ARC bursts open, deploying its payload. G-50 Soldier unfolds itself. B-36 Bruiser unfolds itself. I-25 Savior unfolds itself. K-01 Serf collects debris. Lgt. Nuclear Core destroyed. K-01 Serf collects debris. Acquired Hrd. Heavy Armor Plating. Map ----- +----------------------------------------------------+ | ???????# #????????# ######## ]/ | | ???????# ####?????# [ # ## %]/ | | ???????# ##????# """ # = = | | ???????# "T" %= ##???# """ + T *%[% | | ???????# "##### """ # *%= | | ???????# %= + """ # ##" %!* | | ??????##+####"" [ # """ ### ###?? =!% | | ??????# " # #?# #???## = | | ??????# "" !##" "# ##########?# #???# | | ??????# "Y # ##gi #??????????# #??## | | ??????# "" # ##Y #??????????# #?## | | ??????# + ## #??????????# #?# ! | | ??????# / # ### #??????????# #?# % | | ??????# # #?# #?????######+### | | ??????# =!! #######?#g #????? """"" ### | | ??????# =![ ######### #????? """"" ####" | | ??????# !! ##!!!!!!#g #???# """"" # | | ??????# ! ##!!! !!#gm #???# + [* | | ??????####### ?# # #???#= * # % | | ??????????###### #gg #???# ####+"""" | | ??????????# g #???# "T" / ## " | | ??????????# #???# """ ## # | | ??????????# ################ # | | ??????????# k ????? / # | | ??????????########## o ####??????### # | | ???????????????????# @ #???????????# # | | ???????????????????# #???????????######## | | ???????????????????############??????????????????? | | ?????????????????????????????????????????????????? | | ?????????????????????????????????????????????????? | | ?????????????????????????????????????????????????? | | ?????????????????????????????????????????????????? | | | | | | | | | | | | | | | | | | | | | | | | | | | | | | | | | | | | | +----------------------------------------------------+ Best States ------------- Heat Dissipation 31 Energy Generation 16 Energy Capacity 290 Matter Stores 300 Matter Capacity 300 Sight Range 16 Terrain Scan Density 10 Armor Coverage 150 Evasion (%) 50 Item Schematics ----------------- None Robot Schematics ------------------ None Fabricated ------------ Nothing Repaired ---------- Nothing Alien Tech Used ----------------- None Achievements -------------- None Challenges ------------ None Game ------ Seed MetafiberStealthSpear Manual? 0 Play Time 00:09:39 Cumulative 144.7 hours Start 2025.09.18 @ 21:29:13 End 2025.09.18 @ 21:38:28 Sessions 1 Manual Loads 0 Difficulty Rogue Special Mode None Game No. 479 Rogue 479 Adventurer 0 Explorer 0 Win Type - Total 0 Types 0/0/0/0/0/0/0/0/0/0 Lore% 53 Gallery% 50 Achievement% 39 Wizard Run 0 Options --------- Layout 2 ASCII 0 Keyboard 0 Movement Mouse Keybinds 0 Fullscreen 2 Font 24/Smallcaps Map View 50x44 Zoom Use 0% Tactical HUD 0 Map Filters NONE Filters NONE Steam 1 RUN: 58d71c45-b9d9-42ce-a53a-758dafe35832